 Dungeon Crawl Stone Soup version 0.24-a0-170-gd8427f5 (webtiles) character file.

Game seed: 10307531508740322274

9 Dfrag the Firebug (level 2, 15/19 HPs)
             Began as a Demonspawn Fire Elementalist on Mar 10, 2019.
             Quit the game on level 1 of the Dungeon.
             The game lasted 00:01:16 (168 turns).

Dfrag the Firebug (Demonspawn Fire Elementalist)     Turns: 168, Time: 00:01:17

Health: 15/19      AC:  3    Str:  8    XL:     2   Next: 6%
Magic:  0/5        EV: 11    Int: 16    God:
Gold:   7          SH:  0    Dex: 13    Spells: 4/5 levels left

rFire    + . .     SeeInvis .   (no weapon)
rCold    + . .     Gourm    .   (no shield)
rNeg     . . .     Faith    .   f - +0 leather armour {rF+}
rPois    .         Spirit   .   (no helmet)
rElec    .         Reflect  .   (no cloak)
rCorr    .         Harm     .   (no gloves)
MR       .....                  (no boots)
Stlth    ++........             (no amulet)
HPRegen  0.06/turn              b - ring of wizardry
MPRegen  0.09/turn              (no ring)

@: no status effects
A: cold resistance 1
a: no special abilities


You were on level 1 of the Dungeon.
You were not hungry.

You visited 1 branch of the dungeon, and saw 1 of its levels.

You collected 7 gold pieces.

Inventory:

Armour
 a - a +0 robe
 f - a +0 leather armour of fire resistance (worn)
Jewellery
 b - a ring of wizardry (left hand)
Scrolls
 d - 2 scrolls of identify {unknown}
 e - a scroll of remove curse {unknown}
 g - a scroll of magic mapping {unknown}
Comestibles
 c - 2 rations


   Skills:
 - Level 1.7 Dodging
 - Level 1.7 Stealth
 + Level 2.2 Spellcasting
 + Level 1.4 Conjurations
 + Level 2.9 Fire Magic


You had 4 spell levels left.
You knew the following spells:

 Your Spells              Type           Power        Failure   Level  Hunger
a - Flame Tongue          Conj/Fire      #....        4%          1    #......

Your spell library contained the following spells:

 Spells                   Type           Power        Failure   Level  Hunger
 Throw Flame              Conj/Fire      #.....       8%          2    ###....
 Conjure Flame            Conj/Fire      #.......     16%         3    ###....
 Inner Flame              Hex/Fire       #.......     19%         3    ###....
 Sticky Flame             Conj/Fire      #.......     43%         4    #####..
 Fireball                 Conj/Fire      #.........   77%         5    ######.


Dungeon Overview and Level Annotations

Branches:
Dungeon (1/15)

Altars:


Innate Abilities, Weirdness & Mutations

Your flesh is cold resistant. (rC+)


Message History

a +0 club; a hobgoblin corpse The kobold throws a stone.
The stone barely misses you.
The kobold throws a stone.
The stone barely misses you.
Casting: Flame Tongue (safe; 4% risk of failure)
Confirm with . or Enter, or press ? or * to list all spells.
You don't have enough magic to cast that spell.
Unknown command.
Casting: Flame Tongue (safe; 4% risk of failure)
Confirm with . or Enter, or press ? or * to list all spells.
You don't have enough magic to cast that spell.
Unknown command.
Unknown command.
You barely miss the kobold. The kobold barely misses you.
You hit the kobold.
The kobold is severely wounded.
The kobold misses you.
You hit the kobold.
You kill the kobold!
No target in view!
Are you sure you want to abandon this character and quit the game? (Confirm with "yes".)

#.#........# .##
#.#.>......# ....
#..........#
....#######........##
.................)...
.....................
#.........###......
#...(..(..# ......
#....@....# ......
#.......).# .$...
#........(# .....
########### ....


There were no monsters in sight!

Vanquished Creatures
  A goblin (D:1)
  3 hobgoblins (D:1)
  2 kobolds (D:1)
  A frilled lizard (D:1)
  2 rats (D:1)
9 creatures vanquished.

Notes
Turn   | Place    | Note
-------+----------+-------------------------------------------
     0 | D:1      | Dfrag the Demonspawn Fire Elementalist began the quest for
                  | the Orb.
     0 | D:1      | Reached XP level 1. HP: 13/13 MP: 3/3
   160 | D:1      | Gained mutation: Your flesh is cold resistant. (rC+)
                  | [demonic ancestry]
   160 | D:1      | Reached XP level 2. HP: 15/19 MP: 0/5
   168 | D:1      | Quit the game

Levels and vault maps discovered:
D:1:      ncdulo_halloftheorcs, layout_basic, minmay_misc_feat_chi,
          minmay_misc_feat_plants

Action                   || total
-------------------------++-------
Melee: Unarmed           ||     6
 Cast: Flame Tongue      ||    12
Dodge: Dodged            ||    11

Table legend:
 A = Non-vault XP
 B = Vault XP
 C = Vault XP percentage of total XP
 D = Non-vault monster count
 E = Vault monster count
 F = Vault count percentage of total count
                 A         B        C        D         E       F
            +---------+---------+-------+---------+---------+-------
      Total |      14 |       0 |   0.0 |       9 |       0 |   0.0
            +---------+---------+-------+---------+---------+-------
        D:1 |      14 |       0 |   0.0 |       9 |       0 |   0.0
            +---------+---------+-------+---------+---------+-------
